 Dungeon Crawl Stone Soup version 0.27-a0-522-g46bbb28828 (webtiles) character file.

Game seed: 18115645628015302000

67 jasper the Ducker (level 4, 0/22 HPs)
             Began as a Spriggan Arcane Marksman on Mar 4, 2021.
             Killed from afar by an orc wizard (13 damage)
             ... with a puff of flame
             ... on level 4 of the Dungeon.
             The game lasted 00:03:23 (2037 turns).

jasper the Ducker (Spriggan Arcane Marksman)        Turns: 2037, Time: 00:03:24

Health: 0/22       AC:  2    Str:  6    XL:     4   Next: 0%
Magic:  7/7        EV: 19    Int: 14    God:
Gold:   101        SH:  0    Dex: 16    Spells: 4/5 levels left

rFire    . . .     SeeInvis +   k - +0 dagger
rCold    . . .     Faith    .   (shield restricted)
rNeg     . . .     Spirit   .   a - +0 robe
rPois    .         Reflect  .   (helmet restricted)
rElec    .         Harm     .   (no cloak)
rCorr    .         Rampage  .   (gloves unavailable)
Will     .....                  (boots unavailable)
Stlth    +.........             (no amulet)
HPRegen  0.07/turn              (no ring)
MPRegen  0.10/turn              (no ring)

@: very quick
A: very small, unfitting armour, see invisible, speed 3
a: no special abilities


You were on level 4 of the Dungeon.
You visited 1 branch of the dungeon, and saw 4 of its levels.

You collected 101 gold pieces.

Inventory:

Hand Weapons
 k - a +0 dagger (weapon)
Missiles
 b - 11 stones (quivered)
 d - a throwing net
 n - 14 bolts
Armour
 a - a +0 robe (worn)
Potions
 c - a potion of ambrosia
 g - a potion of mutation {unknown}
 h - a potion of haste {unknown}
 j - a potion of curing {unknown}
 l - a potion of degeneration {unknown}


   Skills:
 + Level 1.5 Fighting
 * Level 3.3 Throwing
 + Level 3.7 Dodging
 - Level 1.3 Spellcasting
 - Level 3.6 Hexes


You had 4 spell levels left.
You knew the following spells:

 Your Spells              Type           Power        Failure   Level
a - Corona                Hex            12%          6%          1

Your spell library contained the following spells:

 Spells                   Type           Power        Failure   Level
 Slow                     Hex            11%          9%          2
 Inner Flame              Hex/Fire       6%           36%         3
 Portal Projectile        Hex/Tloc       12%          36%         3
 Cause Fear               Hex            5%           50%         4
 Leda's Liquefaction      Hex/Erth       3%           77%         4


Dungeon Overview and Level Annotations

Branches:
Dungeon (4/15)
 Temple: D:4-7

Altars:


Innate Abilities, Weirdness & Mutations

You are very small and have problems with some larger weapons.
You are too small for most types of armour.
You have supernaturally acute eyesight. (SInv)
You cover ground extremely quickly. (Speed+++)


Message History

2 orcs and an orc wizard come into view.
An orc is quivering boomerangs of dispersal.
The orc wizard shouts!
An orc comes into view.
An orc priest comes into view. It is wielding a +0 hand axe.
Found a scroll labelled DAABUTZOID.
There are no items here.
You see here 14 bolts.
n - 14 bolts A frilled lizard comes into view.
The frilled lizard hisses angrily.
The frilled lizard barely misses you.
You hit the frilled lizard but do no damage.
The frilled lizard barely misses you.
You hit the frilled lizard.
You kill the frilled lizard!
You have reached level 4!
Health restored: 22; MP restored: 7 The orc wizard points at itself and mumbles some strange words.
The orc wizard flickers and vanishes for a moment.
The orc wizard casts a spell at you. The magic dart hits you!
You take 9 damage, and have 13/22 hp.
MASSIVE DAMAGE!!
As you read the scroll labelled MOHIMA ZARIK, it crumbles to dust.
It is a scroll of identify.
c - a potion of ambrosia Blink to where?
Press: ? - help, Dir - move target
As you read the scroll labelled LOOFAY XOELIRGH, it crumbles to dust.
It was a scroll of blinking.
As you read the scroll labelled NIS VUOMPIONO, it crumbles to dust.
You feel aware of your surroundings.
You sensed 1 altar.
It was a scroll of magic mapping.
As you read the scroll labelled IJIRGH KOLOIQU, it crumbles to dust.
You experience a momentary feeling of inescapable doom!
It was a scroll of random uselessness.
The orc wizard points at you and mumbles some strange words.
The puff of flame hits you!
Ouch! That really hurt!
You die...

##..o.#######**≈≈*
###........#..#
****
##.........#..##
##..........#..#
##..........###o#
#...........# #.##
.......†...## ##.#
8.........## #.##
........### #@§#
######### ####


You could see an orc wizard (invisible).

Vanquished Creatures
  2 adders (D:2)
  An ooze (D:1)
  2 dart slugs (D:1)
  4 giant cockroaches
  7 goblins
  A hobgoblin (D:1)
  3 jackals (D:2)
  A quokka (D:1)
  2 bats (D:1)
  7 frilled lizards
  A jackal skeleton (D:4)
  9 kobolds
  3 rats (D:1)
43 creatures vanquished.

Notes
Turn   | Place    | Note
-------+----------+-------------------------------------------
     0 | D:1      | jasper the Spriggan Arcane Marksman began the quest for the
                  | Orb.
     0 | D:1      | Reached XP level 1. HP: 9/9 MP: 3/3
    52 | D:1      | Reached skill level 1 in Fighting
   132 | D:1      | Reached XP level 2. HP: 14/14 MP: 5/5
   728 | D:1      | Reached XP level 3. HP: 18/18 MP: 6/6
  2011 | D:4      | Reached XP level 4. HP: 22/22 MP: 7/7
  2037 | D:4      | Killed from afar by an orc wizard

Illustrated notes

Levels and vault maps discovered:
D:1:      roderic_crossed_star, layout_basic, minmay_split_cup_large
D:2:      layout_rooms
D:3:      layout_loops_ring, lemuel_round_altar, nicolae_overflow_crystal_walls
D:4:      layout_cave_pods, lightli_temple_of_fire, serial_column_ruins,
          column_ruins_pillar_7, column_ruins_pillar_6, column_ruins_pillar_3,
          column_ruins_pillar_1, column_ruins_pillar_4, column_ruins_pillar_1,
          column_ruins_pillar_2, column_ruins_pillar_11, column_ruins_pillar_3,
          column_ruins_pillar_2, column_ruins_pillar_1, column_ruins_pillar_1,
          column_ruins_pillar_1, column_ruins_pillar_2, column_ruins_pillar_3,
          column_ruins_pillar_3, amcnicky_mini_corridor_feature

Skill      XL: |  1  2  3 |
---------------+----------+-----
Fighting       | 1 |  1.5
Dodging        | 3 |  3.7
Throwing       | 3 |  3.3
Spellcasting   | |  1.3
Hexes          | |  3.6

Action                   |  1- 3 |  4- 6 || total
-------------------------+-------+-------++-------
Melee: Dagger            |   110 |       ||   110
Throw: Boomerang         |    78 |       ||    78
       Stone             |    33 |       ||    33
       Throwing net      |     2 |       ||     2
 Cast: Corona            |     2 |       ||     2
  Use: Scroll            |       |     4 ||     4
 Stab: Held in net/web   |     1 |       ||     1
       Sleeping          |     1 |       ||     1
Armor: Robe              |    16 |       ||    16
Dodge: Dodged            |   161 |       ||   161

Table legend: (Time is in decaauts)
 A = Elapsed time spent in this place.
 B = Non-inter-level travel time spent in this place.
 C = Inter-level travel time spent in this place.
 D = Time resting spent in this place.
 E = Time spent auto-exploring this place.
 F = Levels seen in this place.
 G = Mean time per level.
                   A        B        C        D        E       F      G
               +--------+--------+--------+--------+--------+-----+--------+
         Total |   1651 |   1624 |     27 |    636 |    611 |   4 |  412.8 |
       Dungeon |   1651 |   1624 |     27 |    636 |    611 |   4 |  412.8 |
               +--------+--------+--------+--------+--------+-----+--------+

Top non-repeatable levels by time:
     D:1: 1045 daAuts
     D:2: 444 daAuts
     D:4: 93 daAuts
     D:3: 69 daAuts
